 Dungeon Crawl Stone Soup version 0.31-a0-96-g196d5507e3 (webtiles) character file.

Game seed: 16153157839481615001

226 Kenran the Ruffian (level 5, 0/39 HPs)
             Began as a Vampire Fighter on May 26, 2023.
             Was an Initiate of Ru.
             Killed from afar by an orc wizard (4 damage)
             ... with a puff of flame
             ... on level 4 of the Dungeon.
             The game lasted 00:04:53 (3648 turns).

Kenran the Ruffian (Vampire Fighter)                Turns: 3648, Time: 00:04:53

Health: 0/39       AC:  8    Str: 17    XL:     5   Next: 69%
Magic:  5/5        EV:  7    Int: 11    God:    Ru [......]
Gold:   164        SH:  4    Dex: 13    Spells: 4/4 levels left

rFire   . .          .
                       - Unarmed
rCold   . . .        b - +0 buckler
rNeg    . . .        k - +0 chain mail
rPois   .            (no helmet)
rElec   .            (no cloak)
rCorr   .            (no gloves)
SInv    +            (no boots)
Will    .....        (no amulet) Stlth
                     (no ring)
HPRegen 0.46/turn    (no ring)
MPRegen 0.09/turn

%: no passive effects
@: healing quickly
A: alive, fangs 3, see invisible, vampiric 2
a: Exsanguinate, Renounce Religion


You were on level 4 of the Dungeon.
You worshipped Ru.
Ru was noncommittal.
You visited 2 branches of the dungeon, and saw 5 of its levels.

You collected 164 gold pieces.

Inventory:

Missiles
 i - a throwing net (quivered)
Armour
 b - a +0 buckler (worn)
 k - a +0 chain mail (worn)
Jewellery
 p - an amulet of faith {!P}
Scrolls
 a - a scroll of magic mapping
 d - a scroll of teleportation
 g - a scroll of brand weapon {unknown}
 h - 2 scrolls of fog {unknown}
 j - a scroll of fear {unknown}
 l - 2 scrolls of enchant weapon {unknown}
 n - a scroll of immolation {unknown}
 q - 2 scrolls of enchant armour {unknown}
Potions
 c - a potion of lignification {unknown}
 e - 2 potions of brilliance {unknown}
 f - a potion of cancellation {unknown}
 m - a potion of haste {unknown}
 o - a potion of resistance {unknown}


   Skills:
 - Level 2.6 Fighting
 - Level 2.4 Armour
 - Level 2.6 Shields
 + Level 6.6 Unarmed Combat


You had 4 spell levels left.
You didn't know any spells.
Your spell library was empty.

Dungeon Overview and Level Annotations

Branches:
Dungeon (4/15)             Temple (1/1) D:4

Altars:
Ashenzari
Dithmenos
Fedhas
Gozag
Hepliaklqana
Kikubaaqudgha
Makhleb
Nemelex Xobeh
Qazlal
Ru
Sif Muna
Uskayaw
Vehumet
Wu Jian
Xom
Yredelemnul

Annotations:
D:3 1 runed translucent door, PirateVox's ghost, amateur TrMo
D:4 Pikel


Innate Abilities, Weirdness & Mutations

Your natural rate of healing is accelerated.
You have razor-sharp teeth.
You have supernaturally acute eyesight. (SInv)
You are afflicted with vampirism and can become a bat while bloodless.


Message History

The orc priest unwields a +0 sling.
The orc priest wields a +0 trident.
You block the orc priest's attack.
You hit the orc priest but do no damage.
An orc wizard comes into view. It is wielding a +0 dagger.
The orc priest calls down the wrath of Beogh upon you.
Pain shoots through your body!
You hit the orc priest but do no damage.
You hit the orc priest. Your bite misses the orc priest.
The orc priest is moderately wounded.
An orc wizard comes into view. It is wielding a +4 dagger.
The orc priest calls down the wrath of Beogh upon you.
Beogh smites you!
The orc wizard shouts!
You hit the orc priest but do no damage.
The orc priest is moderately wounded.
The orc wizard mumbles some strange words.
The orc wizard flickers and vanishes for a moment.
The orc priest hits you with a +0 trident.
You hit the orc priest.
The orc priest is severely wounded.
The orc wizard casts a spell.
The orc wizard flickers and vanishes for a moment.
The orc priest hits you with a +0 trident.
You hit the orc priest.
The orc priest is almost dead.
The orc hits you but does no damage.
The orc priest looks braver for a moment.
You hit the orc priest.
You kill the orc priest!
You block the orc's attack.
You see here a +0 whip.
The orc wizard casts a spell at you. The magic dart hits you!
* * * LOW HITPOINT WARNING * * *
The orc wizard casts a spell at you. The magic dart hits you.
* * * LOW HITPOINT WARNING * * *
The orc wizard casts a spell at you. The puff of flame hits you.
You die...

#≣≣ ≣≣≣ #.# #.# #.###.#
#.<.#.# ###@#.# #.#.#
#.#.#### #.#....#
#)####.# #......#
.«..#.. #oo....#
....... #o.....#
#....#.#########......#


You could see 2 orc wizards and an orc.

Vanquished Creatures
  A lemure (D:3)
  An orc priest (D:4)
  An iguana (D:4)
  Terence (D:2)
  A gnoll (D:4)
  6 adders
  An ufetubus (D:4)
  A worm (D:2)
  A dart slug (D:1)
  2 orcs (D:3)
  10 endoplasms
  4 giant cockroaches
  4 goblins
  7 hobgoblins
  4 quokkas
  8 ball pythons
  4 bats
  10 kobolds
  2 rats (D:1)
69 creatures vanquished.

Notes
Turn   | Place    | Note
-------+----------+-------------------------------------------
     0 | D:1      | Kenran the Vampire Fighter began the quest for the Orb.
     0 | D:1      | Reached XP level 1. HP: 17/17 MP: 1/1
   353 | D:1      | Reached skill level 3 in Unarmed Combat
   371 | D:1      | Reached XP level 2. HP: 18/23 MP: 2/2
   721 | D:1      | Gained mutation: You are afflicted with vampirism and can
                  | become a bat while bloodless. [Vampire growth]
   721 | D:1      | Reached XP level 3. HP: 27/28 MP: 3/3
  1056 | D:2      | Reached skill level 4 in Unarmed Combat
  1492 | D:2      | Noticed Terence
  1501 | D:2      | Killed Terence
  1502 | D:2      | Reached skill level 5 in Unarmed Combat
  1502 | D:2      | Reached XP level 4. HP: 25/34 MP: 4/4
  2061 | D:3      | Found a runed translucent door.
  2061 | D:3      | Noticed PirateVox's ghost (amateur TrMo)
  2386 | D:3      | Found a faded altar of an unknown god.
  2924 | D:4      | Noticed a lemure
  2925 | D:4      | Noticed Pikel
  2925 | D:4      | Noticed a lemure
  2926 | D:4      | Noticed a lemure
  2926 | D:4      | Noticed a lemure
  2957 | D:4      | Reached XP level 5. HP: 34/39 MP: 5/5
  3026 | D:4      | Found a staircase to the Ecumenical Temple.
  3044 | Temple   | Entered the Ecumenical Temple
  3274 | Temple   | Became a worshipper of Ru the Awakened
  3380 | D:4      | Reached skill level 6 in Unarmed Combat
  3444 | D:3      | Killed a lemure
  3648 | D:4      | Killed from afar by an orc wizard

Illustrated notes

Levels and vault maps discovered:
D:1:      sevenhm_arrival_forest_fort_large_2, layout_basic
D:2:      layout_basic, uniq_terence
D:3:      layout_loops_corners, shapermc_ecumenical_altar_totnotflames,
          ebering_ghost_reflecting_pool, grunt_ministairs_6
D:4:      layout_loops_ring, trog_wizard, minmay_temple_entry_hall,
          nicolae_concentric_dashed_squares_mild, minmay_strange_pillars,
          uniq_pikel, uniq_natasha
Temple:   mainiacjoe_temple_bowtie_tessellation

Skill      XL: |  1  2  3  4  5 |
---------------+----------------+-----
Unarmed Combat | 3 5 6 |  6.6
Fighting       | |  2.6
Armour         | |  2.4
Shields        | |  2.6

Action                     |  1- 3 |  4- 6 || total
---------------------------+-------+-------++-------
  Melee: Unarmed           |   114 |   132 ||   246
         Bite              |    10 |     9 ||    19
    Use: Potion            |     1 |       ||     1
         Scroll            |       |     2 ||     2
 Armour: Scale mail        |    16 |       ||    16
         Chain mail        |    13 |    59 ||    72
  Dodge: Dodged            |    28 |    35 ||    63
  Block: Buckler           |    23 |    18 ||    41

Table legend: (Time is in decaauts)
 A = Elapsed time spent in this place.
 B = Non-inter-level travel time spent in this place.
 C = Inter-level travel time spent in this place.
 D = Time resting spent in this place.
 E = Time spent auto-exploring this place.
 F = Levels seen in this place.
 G = Mean time per level.
                   A        B        C        D        E       F      G
               +--------+--------+--------+--------+--------+-----+--------+
         Total |   3638 |   3382 |    256 |     94 |   2588 |   5 |  727.6 |
       Dungeon |   3381 |   3170 |    211 |     94 |   2400 |   4 |  845.2 |
        Temple |    256 |    211 |     45 |      0 |    188 |   1 |  256.0 |
               +--------+--------+--------+--------+--------+-----+--------+

Top non-repeatable levels by time:
     D:3: 1166 daAuts
     D:1: 989 daAuts
     D:2: 907 daAuts
     D:4: 318 daAuts
  Temple: 256 daAuts
